AoeStats
← HR nomadplayer

Arabia

503506534Analyzed
1v1 RM · 1mo ago on Sep 1, 2026· 33m 43s· 2 players
Game mode
Random Map
Map size
Tiny (2 player)
Population
200
Speed
Normal
Resources
Standard
Victory
Conquest
Starting age
Dark Age
Ending age
Imperial Age
RankedLock teamsTeams togetherTeam positionsShared explorationLock speedFull tech treeHidden civsTurbo modeCheats
Victory
Defeat
🇲🇽 Italians · Mexico
2706
+1
🇨🇱 Aztecs · Chile
2096
-1
Oni.Kingstone
6:08 Loom
8:28 Feudal Age
9:10 Double-Bit Axe
9:53 Horse Collar
14:57 Fletching
17:08 Padded Archer Armor
20:55 Castle Age
19:27 Gold Mining
20:59 Crossbowman
21:35 Bodkin Arrow
22:08 Bow Saw
22:56 Ballistics
28:49 Thumb Ring
29:56 Leather Archer Armor
HR nomadplayer
6:41 Loom
8:59 Feudal Age
9:45 Double-Bit Axe
12:49 Fletching
20:39 Castle Age
19:15 Gold Mining
20:15 Scale Mail Armor
20:47 Crossbowman
21:29 Squires
22:04 Bodkin Arrow
22:59 Chain Mail Armor
26:09 Eagle Warrior
33:38 Forging
Connection lost

Rejoining the realm…

Still unreachable

The connection could not be restored.

Session expired

The server has moved on; the page needs a fresh start.